 Dungeon Crawl Stone Soup version 0.28-a0-1447-ga5a8893891 (webtiles) character file.

Game seed: 9410738972027229253

9 YayAnonymity the Slasher (level 2, 0/22 HPs)
             Began as a Demonspawn Gladiator on Jan 11, 2022.
             Slain by a goblin (2 damage)
             ... on level 1 of the Dungeon.
             The game lasted 00:01:18 (971 turns).

YayAnonymity the Slasher (Demonspawn Gladiator)      Turns: 971, Time: 00:01:18

Health: 0/22       AC:  5    Str: 14    XL:     2   Next: 6%
Magic:  2/2        EV: 12    Int:  9    God:
Gold:   79         SH:  0    Dex: 14    Spells: 1/1 levels left

rFire   + + .      SeeInvis .   a - +0 long sword
rCold   + . .      Faith    .   (no shield)
rNeg    . . .      Spirit   .   b - +0 leather armour
rPois   .          Reflect  .   c - +0 helmet
rElec   .          Harm     .   e - scarf {rC+ rF+}
rCorr   .          Rampage  .   (no gloves)
Will    .....                   (no boots)
Stlth   +.........              (no amulet)
HPRegen 0.07/turn               g - ring of protection from fire
MPRegen 0.08/turn               (no ring)

@: no status effects
A: rugged brown scales 1
a: no special abilities


You were on level 1 of the Dungeon.
You visited 1 branch of the dungeon, and saw 2 of its levels.

You collected 79 gold pieces.

Inventory:

Hand Weapons
 a - a +0 long sword (weapon)
Missiles
 d - 3 throwing nets (quivered)
Armour
 b - a +0 leather armour (worn)
 c - a +0 helmet (worn)
 e - a scarf of resistance (worn)
Jewellery
 g - a ring of protection from fire (left hand)
Scrolls
 f - 3 scrolls of vulnerability {unknown}
Potions
 h - a potion of flight {unknown}


   Skills:
 - Level 2.0 Fighting
 * Level 3.1 Long Blades
 - Level 1.7 Throwing
 + Level 2.9 Dodging


You had one spell level left.
You didn't know any spells.
Your spell library contained the following spells:

 Spells                   Type           Power      Damage    Failure   Level
 Magic Dart               Conj           0%         1d3       45%         1
 Call Imp                 Summ           0%         N/A       61%         2
 Mephitic Cloud           Conj/Pois/Air  0%         N/A       83%         3


Dungeon Overview and Level Annotations

Branches:
Dungeon (2/15)

Altars:

Annotations:
D:2 Terence


Innate Abilities, Weirdness & Mutations

You are partially covered in rugged brown scales. (AC +1, +3% HP)


Message History

There is a stone staircase leading up here.
The adder barely misses you.
There is a stone staircase leading up here.
The goblin hits you with a +0 dagger. The adder closely misses you.
You climb upwards.
There is a stone staircase leading down here.
You completely miss the adder. The adder barely misses you.
The goblin hits you with a +0 dagger. The adder closely misses you.
The goblin barely misses you.
You miss the adder. The adder bites you.
You are poisoned.
The adder poisons you! The goblin hits you but does no damage.
The adder misses you.
You barely miss the adder.
You feel sick. The goblin hits you but does no damage.
The adder bites you but does no damage.
You hit the adder.
The adder is moderately wounded.
You feel sick. The adder closely misses you.
The goblin hits you but does no damage. The adder bites you but does no damage.
The goblin hits you with a +0 dagger.
You miss the adder.
The adder is moderately wounded.
You feel sick. The adder bites you. The goblin hits you but does no damage.
The adder misses you.
You slash the adder!
The adder is almost dead.
You feel sick.
You are no longer poisoned.
The adder bites you but does no damage. The goblin hits you with a +0 dagger.
You barely miss the adder.
The adder is almost dead.
The adder bites you.
* * * LOW HITPOINT WARNING * * *
The goblin hits you with a +0 dagger.
* * * LOW HITPOINT WARNING * * *
The adder closely misses you.
You barely miss the adder.
The adder is almost dead.
The goblin hits you with a +0 dagger.
You die...

......# #.............#
##.....
#####.#####..###.########
###'## #........# #.#
##.# #.#..###.# #.#
##..## ###.#..# #.# #.#
#..... ###......###.# #.#
#.#### ...#.........# #.#
#.# ###.####.#######g#
#.# ### #.......#@# #.#
#######.#S###########.#
#...............##
###.#######......#
#.#######.####.#
#.........# #.###
########### #.... #####


You could see an adder and a goblin.

Vanquished Creatures
  3 ball pythons
  An endoplasm (D:1)
  2 hobgoblins
  A bat (D:1)
  A frilled lizard (D:1)
  A rat (D:1)
9 creatures vanquished.

Notes
Turn   | Place    | Note
-------+----------+-------------------------------------------
     0 | D:1      | YayAnonymity the Demonspawn Gladiator began the quest for
                  | the Orb.
     0 | D:1      | Reached XP level 1. HP: 16/16 MP: 1/1
   236 | D:1      | Found a faded altar of an unknown god.
   393 | D:1      | Reached skill level 3 in Long Blades
   654 | D:2      | Gained mutation: You are partially covered in rugged brown
                  | scales. (AC +1, +3% HP) [demonic ancestry]
   654 | D:2      | Reached XP level 2. HP: 6/22 MP: 2/2
   884 | D:2      | Noticed Terence
   971 | D:1      | Slain by a goblin

Illustrated notes

Levels and vault maps discovered:
D:1:      ncdulo_halloftheorcs, layout_loops_ring,
          ebering_ecumenical_altar_mist, grunt_decor_arrowhead
D:2:      layout_rooms, uniq_terence

Skill      XL: |  1 |
---------------+----+-----
Long Blades    | 3 |  3.1
Fighting       | |  2.0
Throwing       | |  1.7
Dodging        | |  2.9

Action                   || total
-------------------------++-------
Melee: Long sword        ||    34
 Stab: Sleeping          ||     1
Armor: Leather armour    ||    14
Dodge: Dodged            ||    27

Table legend: (Time is in decaauts)
 A = Elapsed time spent in this place.
 B = Non-inter-level travel time spent in this place.
 C = Inter-level travel time spent in this place.
 D = Time resting spent in this place.
 E = Time spent auto-exploring this place.
 F = Levels seen in this place.
 G = Mean time per level.
                   A        B        C        D        E       F      G
               +--------+--------+--------+--------+--------+-----+--------+
         Total |    981 |    934 |     47 |    209 |    580 |   2 |  490.5 |
       Dungeon |    981 |    934 |     47 |    209 |    580 |   2 |  490.5 |
               +--------+--------+--------+--------+--------+-----+--------+

Top non-repeatable levels by time:
     D:1: 669 daAuts
     D:2: 311 daAuts
